 Dungeon Crawl Stone Soup version 0.17-a0-131-ga9cda9c (webtiles) character file.

232 xeno23 the Chiller (level 6, 0/46 HPs)
             Began as a Merfolk Ice Elementalist on Mar 24, 2015.
             Was a Believer of Lugonu.
             Slain by a giant frog zombie (4 damage)
             ... on level 6 of the Dungeon.
             The game lasted 00:28:52 (3348 turns).

xeno23 the Chiller (Merfolk Ice Elementalist)       Turns: 3348, Time: 00:28:52

Health: 0/46       AC:  9    Str:  8    XL:     6   Next: 4%
Magic:  1/11       EV: 13    Int: 17    God:    Lugonu [**....]
Gold:   292        SH:  0    Dex: 14    Spells: 3 memorised, 4 levels left

rFire  + . .     SeeInvis .     d - +0 mace
rCold  + . .     Clarity  .     a - +0 robe
rNeg   . . .     SustAb   .     (no shield)
rPois  +         Gourm    .     (no helmet)
rElec  +         Spirit   .     i - +1 cloak
rCorr  +         Warding  .     (no gloves)
rMut   .         Stasis   .     (no boots)
MR     .....                    (no amulet)
Stlth  ++........               (no ring)
                                (no ring)

@: icy armour, resistant, very slightly contaminated, not resistant to hostile
enchantments, unstealthy
A: change form in water, swift swim
a: Depart the Abyss, Bend Space, Renounce Religion


You were on level 6 of the Dungeon.
You worshipped Lugonu.
Lugonu was pleased with you.
You were very hungry.

You visited 2 branches of the dungeon, and saw 7 of its levels.
You also visited: Ossuary.

You collected 292 gold pieces.

Inventory:

Hand weapons
 d - a +0 mace (weapon)
Missiles
 n - 6 silver javelins (quivered)
Armour
 a - a +0 robe (worn)
 i - a +1 cloak (worn)
Jewellery
 o - a cursed amulet of clarity
Scrolls
 e - 4 scrolls of identify
 f - a scroll of noise {unknown}
 j - a scroll of enchant armour {unknown}
 m - a scroll of teleportation {unknown}
 r - 2 scrolls of fear {unknown}
 s - 2 scrolls of enchant weapon {unknown}
 v - a scroll of blinking {unknown}
 y - a scroll of remove curse {unknown}
Potions
 l - 2 potions of brilliance
 p - 3 potions of poison
 x - a potion of degeneration
Books
 b - a book of Frost

   Spells                             Type                      Level
   a - Freeze                         Ice                          1
   b - Throw Frost                    Conjuration/Ice              2
   c - Ozocubu's Armour               Charms/Ice                   3
   d - Throw Icicle                   Conjuration/Ice              4
   e - Summon Ice Beast               Ice/Summoning                4
   f - Condensation Shield            Ice                          4
Comestibles
 c - 2 bread rations
 h - 3 meat rations


   Skills:
 * Level 2.6 Fighting
 + Level 3.6 Dodging
 + Level 2.9 Stealth
 * Level 2.9 Spellcasting
 * Level 1.5 Conjurations
 * Level 1.4 Charms
 * Level 4.3 Ice Magic
 + Level 0.0 Invocations


You had 4 spell levels left.
You knew the following spells:

 Your Spells              Type           Power        Failure   Level  Hunger
a - Freeze                Ice            ###.         2%          1    None
b - Ozocubu's Armour      Chrm/Ice       ##......     17%         3    ###....
q - Throw Frost           Conj/Ice       ##....       10%         2    ##.....


Dungeon Overview and Level Annotations

Branches:
Dungeon (6/15)             Temple (1/1) D:4

Altars:
Ashenzari
Elyvilon
Fedhas
Ru
Trog
Vehumet
Xom
Yredelemnul
The Shining One
Lugonu

Shops:
D:5 =

Annotations:
D:5 Tabbe's ghost, experienced VSSk


Message History

You kill the hound!
Lugonu accepts your kill.
You have reached level 6!
Your experience leads to an increase in your attributes!
Increase (S)trength, (I)ntelligence, or (D)exterity?
You feel clever. The giant frog zombie hits you.
* * * LOW HITPOINT WARNING * * *
You barely miss the giant frog zombie.
The giant frog zombie hits you but does no damage.
You hit the giant frog zombie.
The giant frog zombie hits you but does no damage.
The giant frog zombie barely misses you.
Casting: Freeze
Confirm with . or Enter, or press ? or * to list all spells.
A film of ice covers your body! The giant frog zombie hits you.
* * * LOW HITPOINT WARNING * * *
You hit the giant frog zombie but do no damage.
The giant frog zombie hits you.
You die...

...... #.##.[....#... #....
..##.........#... #....
##.#........#.#.. .
##.##.##..........#.#.#.
..#(.#..#....#...(.#.#)#.#
#........#..#..#...[#.##)##.
#... #..#..##..#...#.###.###
#...##...M###..#..#.## #.# #
#...#....##@Z..#.#.## #.#
#...#..?#.###..##.## #.#
#...#..##..##..#### ###
#.....###...#..# ##...##
+......# ###..###...#..#
##..##..##..# ##..#M###..#
##..## +.?#


You could see a giant frog zombie.

Vanquished Creatures
  A hound (D:6)
  A worker ant (D:6)
  Ijyb (D:2)
  A mummy (D:6)
  A shadow imp (D:5)
  4 adders
  A giant mite (D:4)
  A worm (D:3)
  An adder skeleton (D:6)
  A giant gecko (D:2)
  3 oozes
  5 giant cockroaches
  8 goblins
  9 hobgoblins
  9 jackals
  6 kobolds
  22 bats
  3 giant newts
  6 rats
84 creatures vanquished.

Vanquished Creatures (others)
  An orc zombie (Ossuary)
1 creature vanquished.

Grand Total: 85 creatures vanquished

Notes
Turn   | Place    | Note
--------------------------------------------------------------
     0 | D:1      | xeno23, the Merfolk Ice Elementalist, began the quest for the Orb.
     0 | D:1      | Reached XP level 1. HP: 13/13 MP: 3/3
   128 | D:1      | Reached XP level 2. HP: 13/19 MP: 4/4
   677 | D:1      | Learned a level 2 spell: Throw Frost
   747 | D:2      | Noticed Ijyb
   764 | D:2      | Killed Ijyb
   764 | D:2      | Reached skill level 1 in Fighting
   764 | D:2      | Reached XP level 3. HP: 13/26 MP: 0/6
  1185 | D:2      | Reached skill level 4 in Ice Magic
  1185 | D:2      | Reached XP level 4. HP: 13/33 MP: 0/8
  1199 | D:2      | Learned a level 3 spell: Ozocubu's Armour
  1945 | D:3      | Found a glowing golden altar of the Shining One.
  2413 | D:4      | Found a staircase to the Ecumenical Temple.
  2545 | Temple   | Entered the Ecumenical Temple
  2587 | Temple   | Became a worshipper of Lugonu the Unformed
  2587 | Temple   | Acquired Lugonu's first power
  2647 | D:4      | Reached XP level 5. HP: 37/39 MP: 5/9
  2666 | D:4      | Reached skill level 1 in Conjurations
  2702 | D:4      | Found a shimmering altar of Xom.
  2953 | D:5      | Entered Level 5 of the Dungeon
  2998 | D:5      | Reached skill level 1 in Charms
  3030 | D:5      | Found Ceelarewn's Jewellery Shoppe.
  3051 | D:5      | Noticed Tabbe's ghost (experienced VSSk)
  3057 | D:5      | Noticed a centaur
  3079 | D:6      | Acquired Lugonu's second power
  3221 | D:6      | Found a sand-covered staircase.
  3264 | Ossuary  | Entered an ossuary
  3279 | Ossuary  | Noticed HAL9000's ghost (experienced OgHu)
  3344 | D:6      | Reached XP level 6. HP: 12/46 MP: 4/11
  3348 | D:6      | Slain by a giant frog zombie

Action                   |  1- 3 |  4- 6 || total
-------------------------+-------+-------++-------
Melee: Mace              |    92 |   213 ||   305
       Unarmed           |     1 |       ||     1
 Cast: Freeze            |    19 |    27 ||    46
       Throw Frost       |     4 |     9 ||    13
       Ozocubu's Armour  |       |     6 ||     6
Invok: Bend Space        |       |     1 ||     1
  Use: Potion            |       |     8 ||     8
       Scroll            |       |     1 ||     1
 Stab: Sleeping          |     2 |     7 ||     9
  Eat: Chunk             |     1 |     9 ||    10
